 Dungeon Crawl Stone Soup version 0.29-a0-384-g6960b1960d (webtiles) character file.

Game seed: 10295559099804797894

985 happo123 the Ruffian (level 7, -4/68 HPs)
             Began as a Troll Berserker on May 7, 2022.
             Was a Priest of Trog.
             Slain by a phantom (5 damage)
             ... on level 5 of the Dungeon.
             The game lasted 00:13:33 (2810 turns).

happo123 the Ruffian (Troll Berserker)              Turns: 2810, Time: 00:13:34

Health: -4/68      AC:  4    Str: 28    XL:     7   Next: 97%
Magic:  6/6        EV: 11    Int:  3    God:    Trog [***...]
Gold:   111        SH:  0    Dex: 15    Spells: 6/6 levels left

rFire   . . .      SeeInvis .     - Unarmed
rCold   . . .      Faith    .   (no shield)
rNeg    . . .      Spirit   .   a - +0 animal skin
rPois   .          Reflect  .   (helmet restricted)
rElec   .          Harm     .   (no cloak)
rCorr   .          Rampage  .   (gloves unavailable)
Will    .....                   (boots unavailable)
Stlth   ++........              (no amulet)
HPRegen 1.01/turn               t - +6 ring of dexterity
MPRegen 0.10/turn               (no ring)

@: lethally poisoned (-4 -> -14), on berserk cooldown, slowed, very slow
A: large, unfitting armour, claws 3, regeneration 1, shaggy fur 1, tough skin 1
a: Renounce Religion, Berserk, Trog's Hand


You were on level 5 of the Dungeon.
You worshipped Trog.
Trog was most pleased with you.
You visited 1 branch of the dungeon, and saw 5 of its levels.

You collected 251 gold pieces.
You spent 140 gold pieces at shops.

Inventory:

Hand Weapons
 m - a +2 flail of draining
Missiles
 j - 2 throwing nets (quivered)
Armour
 a - a +0 animal skin (worn)
Jewellery
 n - an amulet of magic regeneration
 t - a +6 ring of dexterity (left claw)
Wands
 s - a wand of iceblast (6)
Scrolls
 b - 2 scrolls of blinking {unknown}
 c - a scroll of fog {unknown}
 f - a scroll of acquirement {unknown}
 k - a scroll of poison {unknown}
 l - a scroll of noise {unknown}
 q - a scroll of vulnerability {unknown}
 v - a scroll of teleportation {unknown}
 w - a scroll of enchant weapon {unknown}
Potions
 d - 2 potions of heal wounds {unknown}
 e - 3 potions of curing
 g - 2 potions of degeneration {unknown}
 h - a potion of invisibility {unknown}
 i - 2 potions of mutation {unknown}
 o - a potion of ambrosia {unknown}
 p - a potion of lignification {unknown}
 r - a potion of attraction {unknown}
 u - 2 potions of flight {unknown}
 x - a potion of berserk rage {unknown}


   Skills:
 + Level 3.7 Fighting
 + Level 4.4 Dodging
 + Level 1.1 Stealth
 + Level 7.5 Unarmed Combat


You had 6 spell levels left.
You didn't know any spells.
Your spell library was empty.

Dungeon Overview and Level Annotations

Branches:
Dungeon (5/15)             Temple (0/1) D:4

Altars:

Shops:
D:1 *


Innate Abilities, Weirdness & Mutations

You are too large for most types of armour.
You have claws for hands.
Your natural rate of healing is unusually fast.
You are covered in fur. (AC +1)
You have tough skin. (AC +1)


Message History

The water moccasin is heavily wounded.
The water moccasin closely misses you.
You claw Prince Ribbit!
Prince Ribbit is moderately wounded.
The water moccasin bites you. Prince Ribbit hits you!!
You claw Prince Ribbit!
Prince Ribbit is heavily wounded.
The water moccasin bites you. Prince Ribbit hits you!
The phantom barely misses you.
You miss Prince Ribbit.
Prince Ribbit is heavily wounded.
The water moccasin bites you.
You are poisoned.
The water moccasin poisons you!
You claw Prince Ribbit!
Prince Ribbit is almost dead.
You are no longer berserk.
You are exhausted.
You feel yourself slow down.
You feel very sick. Prince Ribbit hits you!
* * * LOW HITPOINT WARNING * * *
The phantom misses you. The water moccasin barely misses you.
You claw Prince Ribbit!
You kill Prince Ribbit!
Trog accepts your kill.
You feel very sick.
The water moccasin bites you but does no damage.
The phantom hits you.
* * * LOW HITPOINT WARNING * * *
You closely miss the water moccasin.
The water moccasin is heavily wounded.
You feel very sick. The water moccasin bites you.
* * * LOW HITPOINT WARNING * * *
The phantom barely misses you. The water moccasin bites you.
* * * LOW HITPOINT WARNING * * *
You are more poisoned.
The water moccasin poisons you! The phantom hits you.
You die...

#.............#
###.....#######.#
#.......#
#.###.#.# #.
##.#.# #.##..#.#
#.......#
#.##.##)#
......S@#
#.##...W..# #
#.(#.### #....#
......# ###...##
#... ...


You could see a water moccasin and a phantom.

Vanquished Creatures
  Grinder (D:5)
  Prince Ribbit (D:5)
  Sigmund (D:3)
  Menkaure (D:4)
  An ogre (D:4)
  3 orc wizards (D:4)
  Ijyb (D:4)
  3 gnolls (D:2)
  2 adders (D:3)
  4 worms
  2 dart slugs
  12 orcs
  5 ball pythons
  4 bats
  5 endoplasms
  3 giant cockroaches
  4 hobgoblins
  7 jackals
  4 kobolds
  3 quokkas
  4 frilled lizards
  14 goblins
  3 rats
88 creatures vanquished.

Notes
Turn   | Place    | Note
-------+----------+-------------------------------------------
     0 | D:1      | happo123 the Troll Berserker began the quest for the Orb.
     0 | D:1      | Reached XP level 1. HP: 22/22 MP: 0/0
   195 | D:1      | Found Arawod's Assorted Antiques.
   339 | D:1      | Reached XP level 2. HP: 29/29 MP: 1/1
   873 | D:2      | Reached XP level 3. HP: 36/36 MP: 2/2
  1053 | D:2      | Reached ** piety under Trog
  1116 | D:2      | Reached XP level 4. HP: 42/44 MP: 3/3
  1273 | D:1      | Bought a dented cabochon amulet for 140 gold pieces
  1378 | D:3      | Noticed Sigmund
  1385 | D:3      | Killed Sigmund
  1386 | D:3      | Reached skill level 4 in Unarmed Combat
  1386 | D:3      | Reached XP level 5. HP: 53/53 MP: 4/4
  1407 | D:3      | Reached skill level 5 in Unarmed Combat
  1473 | D:3      | Found a faded altar of an unknown god.
  1638 | D:3      | Reached XP level 6. HP: 60/61 MP: 5/5
  1810 | D:4      | Noticed Ijyb
  1824 | D:4      | Killed Ijyb
  2028 | D:4      | Reached *** piety under Trog
  2259 | D:4      | Identified the +3 leather armour of Experimentation {rF+
                  | rCorr Int+2}
  2285 | D:4      | Reached skill level 6 in Unarmed Combat
  2490 | D:4      | Noticed Menkaure
  2498 | D:4      | Killed Menkaure
  2499 | D:4      | Reached XP level 7. HP: 46/67 MP: 6/6
  2512 | D:4      | Found a staircase to the Ecumenical Temple.
  2743 | D:5      | Entered Level 5 of the Dungeon
  2743 | D:5      | Noticed Grinder
  2747 | D:5      | Paralysed by Grinder for 4 turns
  2758 | D:5      | Killed Grinder
  2759 | D:5      | Reached skill level 1 in Stealth
  2759 | D:5      | Reached skill level 7 in Unarmed Combat
  2798 | D:5      | Noticed Prince Ribbit
  2809 | D:5      | Killed Prince Ribbit
  2810 | D:5      | HP: 1/68 [water moccasin (6)]
  2810 | D:5      | Slain by a phantom

Illustrated notes

Levels and vault maps discovered:
D:1:      giann_wishing_wells, layout_loops_ring, serial_shops, shop
D:2:      layout_basic, grunt_ministairs_2
D:3:      layout_rooms, shapermc_ecumenical_altar_notcrosses,
          nicolae_elevator_lobby_asterisk, uniq_sigmund
D:4:      layout_loops_corners, temple_doors_ab, minmay_ogre_servants,
          uniq_menkaure, uniq_ijyb
D:5:      layout_loops_cross, dk_rats_in_the_wall, uniq_eustachio,
          uniq_prince_ribbit1, uniq_grinder

Skill      XL: |  1  2  3  4  5  6  7 |
---------------+----------------------+-----
Dodging        | 3 4 |  4.4
Fighting       | 3 |  3.7
Unarmed Combat | 4 5 6 7 |  7.5
Stealth        | 1 |  1.1

Action                   |  1- 3 |  4- 6 |  7- 9 || total
-------------------------+-------+-------+-------++-------
Melee: Unarmed           |    67 |   105 |    33 ||   205
       Punch             |     1 |     1 |     1 ||     3
Invok: Berserk           |       |     3 |     1 ||     4
 Stab: Sleeping          |     1 |     2 |       ||     3
Armor: Animal skin       |    33 |    38 |    13 ||    84
Dodge: Dodged            |    48 |    47 |    20 ||   115

Table legend: (Time is in decaauts)
 A = Elapsed time spent in this place.
 B = Non-inter-level travel time spent in this place.
 C = Inter-level travel time spent in this place.
 D = Time resting spent in this place.
 E = Time spent auto-exploring this place.
 F = Levels seen in this place.
 G = Mean time per level.
                   A        B        C        D        E       F      G
               +--------+--------+--------+--------+--------+-----+--------+
         Total |   2814 |   2194 |    620 |     23 |   1662 |   5 |  562.8 |
       Dungeon |   2814 |   2194 |    620 |     23 |   1662 |   5 |  562.8 |
               +--------+--------+--------+--------+--------+-----+--------+

Top non-repeatable levels by time:
     D:4: 975 daAuts
     D:1: 844 daAuts
     D:3: 474 daAuts
     D:2: 457 daAuts
     D:5: 63 daAuts
